 Dungeon Crawl Stone Soup version 0.27.1-34-g3ba077fa99 (webtiles) character file.

Game seed: 5114143314851347429

8 styxcanada the Sneak (level 2, 0/15 HPs)
             Began as a Spriggan Brigand on Jan 11, 2022.
             Slain by a ball python (1 damage)
             ... on level 1 of the Dungeon.
             The game lasted 00:00:43 (379 turns).

styxcanada the Sneak (Spriggan Brigand)              Turns: 379, Time: 00:00:44

Health: 0/15       AC:  3    Str:  7    XL:     2   Next: 0%
Magic:  3/3        EV: 13    Int: 12    God:
Gold:   0          SH:  0    Dex: 16    Spells: 1/1 levels left

rFire    . . .     SeeInvis +   a - +2 dagger
rCold    . . .     Faith    .   (shield restricted)
rNeg     . . .     Spirit   .   b - +0 robe
rPois    .         Reflect  .   (helmet restricted)
rElec    .         Harm     .   c - +0 cloak
rCorr    .         Rampage  .   (gloves unavailable)
Will     .....                  (boots unavailable)
Stlth    +++.......             (no amulet)
HPRegen  0.05/turn              (no ring)
MPRegen  0.08/turn              (no ring)

@: constricted, very quick
A: very small, no large weapons, unfitting armour, see invisible, speed 3
a: no special abilities


You were on level 1 of the Dungeon.
You visited 1 branch of the dungeon, and saw 1 of its levels.

Inventory:

Hand Weapons
 a - a +2 dagger (weapon)
Missiles
 d - 8 poisoned darts (quivered)
 e - 2 curare-tipped darts
 f - 15 stones
 g - 19 sling bullets
Armour
 b - a +0 robe (worn)
 c - a +0 cloak (worn)
Potions
 h - a potion of lignification {unknown}


   Skills:
 + Level 1.7 Fighting
 + Level 2.2 Short Blades
 + Level 2.0 Throwing
 + Level 1.3 Dodging
 + Level 6.4 Stealth


You had one spell level left.
You didn't know any spells.
Your spell library was empty.

Dungeon Overview and Level Annotations

Branches:
Dungeon (1/15)

Altars:


Innate Abilities, Weirdness & Mutations

You are very small and have problems with some larger weapons.
You are too small for most types of armour.
You have supernaturally acute eyesight. (SInv)
You cover ground extremely quickly. (Speed+++)


Message History

The ball python barely misses you. The ball python constricts you.
* * * LOW HITPOINT WARNING * * *
You hit the ball python.
You kill the ball python!
A kobold comes into view. It is wielding a +0 club.
Found 8 gold pieces.
A kobold is nearby!
You see here 19 sling bullets.
g - 19 sling bullets You start resting.
HP restored.
h - a viscous dark potion A ball python comes into view.
Found a scroll labelled BISHRA TIKI.
You miss the kobold. The kobold hits you with a +0 club.
You barely miss the kobold. You hit the kobold but do no damage.
The ball python hisses angrily.
The kobold misses you.
You closely miss the kobold. The kobold barely misses you.
You hit the kobold.
The kobold is moderately wounded.
The kobold hits you with a +0 club.
You hit the kobold but do no damage.
The kobold is moderately wounded.
The kobold completely misses you. The ball python bites you.
The ball python grabs you. The ball python constricts you.
You hit the kobold.
The kobold is severely wounded.
The kobold hits you with a +0 club.
The ball python bites you but does no damage.
The ball python constricts you.
You hit the kobold.
You kill the kobold!
The ball python bites you.
* * * LOW HITPOINT WARNING * * *
The ball python constricts you.
You have reached level 2!
You barely miss the ball python. The ball python bites you.
You die...

##.......#
##.....##.##########
##.......#...........
..#######)...>.........######
#........#.......#######
..........#.....##
.#######.#......###.
#.##......... #.#..@S#....
#.....)...##. #.##......# ###
#.###...$...? #.. #.#
#.##..### #.# #.# ..# #.# #..
.. #.# ### ### #.# #)#


You could see a ball python.

Vanquished Creatures
  A ball python (D:1)
  3 goblins (D:1)
  A quokka (D:1)
  A kobold (D:1)
  A rat (D:1)
7 creatures vanquished.

Notes
Turn   | Place    | Note
-------+----------+-------------------------------------------
     0 | D:1      | styxcanada the Spriggan Brigand began the quest for the
                  | Orb.
     0 | D:1      | Reached XP level 1. HP: 10/10 MP: 2/2
    23 | D:1      | Reached skill level 6 in Stealth
   379 | D:1      | Reached XP level 2. HP: 1/15 MP: 3/3
   379 | D:1      | Slain by a ball python

Illustrated notes

Levels and vault maps discovered:
D:1:      minmay_arrival_arboretum_large, layout_loops_ring

Skill      XL: |  1 |
---------------+----+-----
Stealth        | 6 |  6.4
Fighting       | |  1.7
Short Blades   | |  2.2
Throwing       | |  2.0
Dodging        | |  1.3

Action                   || total
-------------------------++-------
Melee: Dagger            ||    24
 Stab: Sleeping          ||     1
Armor: Robe              ||     2
Dodge: Dodged            ||    12
